 Dungeon Crawl Stone Soup version 0.30-a0-989-g0d87f670db (webtiles) character file.

Game seed: 3941880507193846136

63 vineage the Trooper (level 4, -6/29 HPs)
             Began as a Gargoyle Fighter on Apr 3, 2023.
             Mangled by Crazy Yiuf
             ... wielding a +3 quarterstaff of chaos
              (13 damage)
             ... on level 2 of the Dungeon.
             The game lasted 00:01:37 (1516 turns).

vineage the Trooper (Gargoyle Fighter)              Turns: 1516, Time: 00:01:37

Health: -6/29      AC: 10    Str: 19    XL:     4   Next: 9%
Magic:  2/4        EV: 14    Int:  9    God:
Gold:   71         SH:  0    Dex: 11    Spells: 3/3 levels left

rFire   . . .      SeeInvis .    k - +0 executioner's axe
rCold   . . .      Faith    .    (shield currently unavailable)
rNeg    + . .      Spirit   .    b - +0 scale mail
rPois   ∞          Reflect  .    (no helmet)
rElec   +          Rampage  .    (no cloak)
rCorr   .                        (no gloves)
Will    .....                    (no boots) Stlth
                                 (no amulet)
HPRegen 0.24/turn                (no ring)
MPRegen 0.09/turn                (no ring)

@: mighty, agile
A: sickness immunity, AC +3, negative energy resistance 1, electricity
resistance, torment resistance 1, petrification resistance
a: no special abilities


You were on level 2 of the Dungeon.
You visited 1 branch of the dungeon, and saw 2 of its levels.

You collected 71 gold pieces.

Inventory:

Hand Weapons
 a - a +0 flail
 k - a +0 executioner's axe (weapon)
Armour
 b - a +0 scale mail (worn)
 c - a +0 buckler
Jewellery
 m - a ring of protection from cold
Scrolls
 e - a scroll of teleportation
 f - 2 scrolls of identify
 l - a scroll of silence {unknown}
 o - a scroll of magic mapping {unknown}
Potions
 g - 2 potions of flight
 h - a potion of haste {unknown}
 i - 2 potions of brilliance {unknown}
 j - a potion of attraction {unknown}
 n - a potion of lignification {unknown}


   Skills:
 * Level 4.0 Fighting
 + Level 0.2(1.4) Axes
 - Level 2.7 Maces & Flails
 + Level 3.8 Armour
 + Level 0.1 Dodging
 - Level 3.6 Shields


You had 3 spell levels left.
You didn't know any spells.
Your spell library contained the following spells:

 Spells                   Type           Power      Damage    Failure   Level
 Apportation              Tloc           0%         N/A       75%         1
 Necrotise                Necr           0%         1d4       75%         1
 Summon Small Mammal      Summ           0%         N/A       75%         1


Dungeon Overview and Level Annotations

Branches:
Dungeon (2/15)

Altars:

Shops:
D:2 :

Annotations:
D:2 Crazy Yiuf


Innate Abilities, Weirdness & Mutations

You are immune to sickness and miasma.
Your stone body is resilient. (AC +3)
You are immune to poison.
You resist negative energy. (rN+)
You are resistant to electric shocks. (rElec)
You are resistant to unholy torment.
You are immune to petrification.


Message History

The goblin closely misses you.
You barely miss the goblin. The goblin hits you with a +0 club.
You slash the goblin!
You kill the goblin!
No target in view!
No target in view!
No target in view!
No target in view!
No target in view!
No target in view!
No target in view!
No target in view!
No target in view!
No target in view!
No target in view!
Things that are here:
a +0 club; a goblin corpse Crazy Yiuf shouts!
Could not explore, unopened runed door.
Could not explore, unopened runed door.
No reachable target in view!
As you open the door, it creaks loudly!
You hit Crazy Yiuf.
Crazy Yiuf is moderately wounded.
Crazy Yiuf yells, "Sif Muna light sanguine!"
Crazy Yiuf hits you with a +3 quarterstaff of chaos!
Crazy Yiuf closely misses you.
You barely miss Crazy Yiuf.
Crazy Yiuf is moderately wounded.
Crazy Yiuf hits you with a +3 quarterstaff of chaos!
Crazy Yiuf hits you with a +3 quarterstaff of chaos.
* * * LOW HITPOINT WARNING * * *
You feel your power leaking away.
You feel very mighty all of a sudden. Crazy Yiuf hits you but does no damage.
You feel agile all of a sudden.
You barely miss Crazy Yiuf.
Crazy Yiuf is moderately wounded.
Crazy Yiuf hits you with a +3 quarterstaff of chaos!
You die...

#########.......#
...#.....######.###########
...........# #...........#
.........### ###########.#
.........# #.## .........#
#..# .........# ### ♣♣###.#
.........# #)..#♣♣ ♣♣.#...#
.........#
#...g@♣♣♣♣.P....#
.>.......#
#...#♣..♣......##
##..)##..# ### ♣♣♣.♣.P#.##
##...#..## ♣♣♣♣♣###
##.....### .#.......####
............# ##...########
#....#


You could see Crazy Yiuf.

Vanquished Creatures
  An adder (D:2)
  A worm (D:2)
  3 dart slugs
  An orc (D:2)
  2 endoplasms (D:1)
  3 giant cockroaches
  6 goblins
  4 hobgoblins (D:1)
  3 jackals (D:1)
  A quokka (D:1)
  A ball python (D:2)
  A bat (D:1)
  A frilled lizard (D:1)
  8 kobolds
  5 rats
41 creatures vanquished.

Notes
Turn   | Place    | Note
-------+----------+-------------------------------------------
     0 | D:1      | vineage the Gargoyle Fighter began the quest for the Orb.
     0 | D:1      | Reached XP level 1. HP: 14/14 MP: 1/1
   124 | D:1      | Reached XP level 2. HP: 19/19 MP: 2/2
   426 | D:1      | Reached XP level 3. HP: 24/24 MP: 3/3
  1201 | D:2      | Found a runed translucent door.
  1202 | D:2      | Noticed Crazy Yiuf
  1267 | D:2      | Found Faptank's Book Shop.
  1278 | D:2      | Reached skill level 4 in Fighting
  1355 | D:2      | Reached XP level 4. HP: 29/29 MP: 4/4
  1516 | D:2      | Mangled by Crazy Yiuf

Illustrated notes

Levels and vault maps discovered:
D:1:      dpeg_arrival_chambers_temple_mockup, layout_basic
D:2:      layout_rooms, serial_shops, shop, corexii_leaking_fountain,
          uniq_crazy_yiuf_cottage

Skill      XL: |  1  2  3 |
---------------+----------+-----
Fighting       | 4 |  4.0
Axes           | |  0.2
Maces & Flails | |  2.7
Armour         | |  3.8
Dodging        | |  0.1
Shields        | |  3.6

Action                     |  1- 3 |  4- 6 || total
---------------------------+-------+-------++-------
  Melee: Flail             |   116 |       ||   116
         Executioner's axe |    31 |    11 ||    42
    Use: Scroll            |     4 |       ||     4
         Potion            |       |     1 ||     1
 Armour: Scale mail        |    77 |     4 ||    81
  Dodge: Dodged            |    87 |     7 ||    94
  Block: Buckler           |    32 |       ||    32

Table legend: (Time is in decaauts)
 A = Elapsed time spent in this place.
 B = Non-inter-level travel time spent in this place.
 C = Inter-level travel time spent in this place.
 D = Time resting spent in this place.
 E = Time spent auto-exploring this place.
 F = Levels seen in this place.
 G = Mean time per level.
                   A        B        C        D        E       F      G
               +--------+--------+--------+--------+--------+-----+--------+
         Total |   1587 |   1493 |     94 |      0 |   1137 |   2 |  793.5 |
       Dungeon |   1587 |   1493 |     94 |      0 |   1137 |   2 |  793.5 |
               +--------+--------+--------+--------+--------+-----+--------+

Top non-repeatable levels by time:
     D:1: 911 daAuts
     D:2: 676 daAuts
